TOP OF THE 1ST |
Everett AquaSox batting - Pitching for Idaho Falls Chukars : LHP Katsusuke Suyama
|
Pitching: LHP Katsusuke Suyama
|
|
Batting: RHB Tomokazu Sugimoto
|
0-0: Ground out 6-3 (Groundball, 6S, EV 81.2 MPH)
|
Batting: LHB Addisu Nyamekye
|
0-0: Ball 1-0: Ball 2-0: Ground out 6-3 (Groundball, 6D, EV 85.0 MPH)
|
Batting: RHB Chris Skaff
|
0-0: Called Strike 0-1: Swinging Strike 0-2: SOLO HOME RUN (Flyball, 89XD, EV 101.2 MPH), Distance : 388 ft
|
Batting: LHB Chris Jackson
|
0-0: Swinging Strike 0-1: Called Strike 0-2: Ball 1-2: Foul Ball, location: 2F 1-2: Strikes out swinging
|
Top of the 1st over - 1 run, 1 hit, 0 errors, 0 left on base; Everett 1 - Idaho Falls 0 |
BOTTOM OF THE 1ST |
Idaho Falls Chukars batting - Pitching for Everett AquaSox : RHP Trevor Jacobsen
|
Pitching: RHP Trevor Jacobsen
|
|
Batting: RHB Brett Steele
|
0-0: Ball 1-0: Called Strike 1-1: Swinging Strike 1-2: Foul Ball, location: 2F 1-2: Strikes out swinging
|
Batting: SHB Darius Vinson
|
0-0: Called Strike 0-1: Fly out, F6 (Line Drive, 56, EV 63.8 MPH)
|
Batting: RHB Chang-keun Baik
|
0-0: Ball 1-0: Called Strike 1-1: Swinging Strike 1-2: Strikes out looking
|
Bottom of the 1st over - 0 runs, 0 hits, 0 errors, 0 left on base; Everett 1 - Idaho Falls 0 |
TOP OF THE 2ND |
Everett AquaSox batting - Pitching for Idaho Falls Chukars : LHP Katsusuke Suyama
|
Batting: RHB Kinzo Yokoyama
|
0-0: Ball 1-0: Ground out 5-3 (Groundball, 56S, EV 84.4 MPH)
|
Pitching: LHP Butch Ott
|
|
Batting: RHB Robby Adair
|
0-0: SINGLE (Groundball, 56S, EV 75.6 MPH) (infield hit)
|
Batting: RHB Eddie Luna
|
0-0: Ball 1-0: DOUBLE (Groundball, 5L, EV 98.8 MPH) Robby Adair to third
|
Batting: SHB Tony Morales
|
0-0: Ball 1-0: Foul Ball, location: 2F 1-1: Fly out, F4 (Line Drive, 4, EV 68.8 MPH)
|
Batting: RHB Josh Carpenter
|
0-0: Ball 1-0: Called Strike 1-1: Foul Ball, location: 2F 1-2: Foul Ball, location: 2F 1-2: Ball 2-2: Strikes out swinging
|
Top of the 2nd over - 0 runs, 2 hits, 0 errors, 2 left on base; Everett 1 - Idaho Falls 0 |
BOTTOM OF THE 2ND |
Idaho Falls Chukars batting - Pitching for Everett AquaSox : RHP Trevor Jacobsen
|
Batting: LHB Edgar Ortiz
|
0-0: Ball 1-0: Ball 2-0: Foul Ball, location: 2F 2-1: Foul Ball, location: 2F 2-2: Ball 3-2: Strikes out looking
|
Batting: LHB Corey Lewis
|
0-0: Called Strike 0-1: Foul Ball, location: 2F 0-2: Ball 1-2: SINGLE (Line Drive, 6M, EV 94.4 MPH)
|
Batting: RHB Vance Coen
|
0-0: Foul Ball, location: 2F 0-1: Called Strike 0-2: Foul Ball, location: 2F 0-2: Ball 1-2: Strikes out looking
|
Batting: SHB Danny Ballenger
|
0-0: Called Strike 0-1: Ball 1-1: Foul Ball, location: 2F 1-2: Ball Wild Pitch! Corey Lewis to second 2-2: Ball 3-2: Foul Ball, location: 2F 3-2: Ground out U3 (Groundball, 3L, EV 111.2 MPH)
|
Bottom of the 2nd over - 0 runs, 1 hit, 0 errors, 1 left on base; Everett 1 - Idaho Falls 0 |
TOP OF THE 3RD |
Everett AquaSox batting - Pitching for Idaho Falls Chukars : LHP Butch Ott
|
Batting: RHB Tomokazu Sugimoto
|
0-0: Called Strike 0-1: Called Strike 0-2: Foul Ball, location: 2F 0-2: Fly out, F4 (Popup, 4M, EV 52.5 MPH)
|
Batting: LHB Addisu Nyamekye
|
0-0: Called Strike 0-1: Foul Ball, location: 2F 0-2: Strikes out looking
|
Batting: RHB Chris Skaff
|
0-0: Ball 1-0: Called Strike 1-1: Called Strike 1-2: Ball 2-2: Ball 3-2: Strikes out looking
|
Top of the 3rd over - 0 runs, 0 hits, 0 errors, 0 left on base; Everett 1 - Idaho Falls 0 |
BOTTOM OF THE 3RD |
Idaho Falls Chukars batting - Pitching for Everett AquaSox : RHP Trevor Jacobsen
|
Batting: RHB Adam Krieger
|
0-0: Ball 1-0: Swinging Strike 1-1: Swinging Strike 1-2: Foul Ball, location: 2F 1-2: Ball 2-2: Foul Ball, location: 2F 2-2: Foul Ball, location: 2F 2-2: Foul Ball, location: 2F 2-2: Ground out 4-3 (Groundball, 4, EV 103.8 MPH)
|
Batting: RHB Rogelio Losano
|
0-0: Called Strike 0-1: Called Strike 0-2: Foul Ball, location: 2F 0-2: Foul Ball, location: 2F 0-2: Ball 1-2: Foul Ball, location: 2F 1-2: DOUBLE (Groundball, 3L, EV 104.4 MPH)
|
Batting: RHB Brett Steele
|
0-0: Called Strike 0-1: Ball 1-1: Foul Ball, location: 2F 1-2: Strikes out swinging
|
Batting: SHB Darius Vinson
|
0-0: Hit by Pitch
|
Batting: RHB Chang-keun Baik
|
0-0: Ball 1-0: Foul Ball, location: 2F 1-1: Fly out, F8 (Line Drive, 8LM, EV 85.6 MPH)
|
Bottom of the 3rd over - 0 runs, 1 hit, 0 errors, 2 left on base; Everett 1 - Idaho Falls 0 |
TOP OF THE 4TH |
Everett AquaSox batting - Pitching for Idaho Falls Chukars : LHP Butch Ott
|
Batting: LHB Chris Jackson
|
0-0: Ball 1-0: Called Strike 1-1: Ball 2-1: Ball 3-1: Ground out 4-3 (Groundball, 4S, EV 87.5 MPH)
|
Batting: RHB Kinzo Yokoyama
|
0-0: Foul Ball, location: 2F 0-1: Ground out 3-1 (Groundball, 34, EV 103.1 MPH)
|
Batting: RHB Robby Adair
|
0-0: Called Strike 0-1: Foul Ball, location: 2F 0-2: Ground out 5-3 (Groundball, 56, EV 80.0 MPH)
|
Top of the 4th over - 0 runs, 0 hits, 0 errors, 0 left on base; Everett 1 - Idaho Falls 0 |
BOTTOM OF THE 4TH |
Idaho Falls Chukars batting - Pitching for Everett AquaSox : RHP Trevor Jacobsen
|
Batting: LHB Edgar Ortiz
|
0-0: Called Strike 0-1: Ball 1-1: Foul Ball, location: 2F 1-2: Foul Ball, location: 2F 1-2: Strikes out looking
|
Batting: LHB Corey Lewis
|
0-0: Foul Ball, location: 2F 0-1: Ball 1-1: Swinging Strike 1-2: Strikes out looking
|
Batting: RHB Vance Coen
|
0-0: SINGLE (Groundball, 34S, EV 74.4 MPH) (infield hit)
|
Batting: SHB Danny Ballenger
|
0-0: Ball 1-0: Ground out 1-3 (Groundball, 23, EV 61.2 MPH)
|
Bottom of the 4th over - 0 runs, 1 hit, 0 errors, 1 left on base; Everett 1 - Idaho Falls 0 |
TOP OF THE 5TH |
Everett AquaSox batting - Pitching for Idaho Falls Chukars : LHP Butch Ott
|
Batting: RHB Eddie Luna
|
0-0: Foul Ball, location: 2F 0-1: Swinging Strike 0-2: Ball 1-2: Ball 2-2: Fly out, F8 (Flyball, 89M, EV 98.1 MPH)
|
Batting: SHB Tony Morales
|
0-0: Called Strike 0-1: Swinging Strike 0-2: Foul Ball, location: 2F 0-2: Strikes out swinging
|
Batting: RHB Josh Carpenter
|
0-0: Ball 1-0: Swinging Strike 1-1: Ball 2-1: Foul Ball, location: 2F 2-2: Foul Ball, location: 2F 2-2: Strikes out swinging
|
Top of the 5th over - 0 runs, 0 hits, 0 errors, 0 left on base; Everett 1 - Idaho Falls 0 |
BOTTOM OF THE 5TH |
Idaho Falls Chukars batting - Pitching for Everett AquaSox : RHP Trevor Jacobsen
|
Batting: RHB Adam Krieger
|
0-0: Ball 1-0: Ball 2-0: Called Strike 2-1: DOUBLE (Line Drive, 8LXD, EV 107.5 MPH)
|
Batting: RHB Rogelio Losano
|
0-0: Swinging Strike 0-1: Ball 1-1: Fly out, F9 (Flyball, 9, EV 90.0 MPH)
|
Batting: RHB Brett Steele
|
0-0: Ball 1-0: Foul Ball, location: 2F 1-1: Called Strike 1-2: Ball 2-2: Ball 3-2: Strikes out looking
|
Batting: SHB Darius Vinson
|
0-0: Called Strike 0-1: Swinging Strike 0-2: Strikes out swinging
|
Bottom of the 5th over - 0 runs, 1 hit, 0 errors, 1 left on base; Everett 1 - Idaho Falls 0 |
TOP OF THE 6TH |
Everett AquaSox batting - Pitching for Idaho Falls Chukars : LHP Butch Ott
|
Pitching: RHP Tony Jimenez
|
|
Batting: RHB Tomokazu Sugimoto
|
0-0: Called Strike 0-1: Ball 1-1: Ball 2-1: Ball 3-1: Ground out 5-3 (Groundball, 56S, EV 72.5 MPH)
|
Batting: LHB Addisu Nyamekye
|
0-0: Ball 1-0: Swinging Strike 1-1: Foul Ball, location: 2F 1-2: Ball 2-2: Strikes out looking
|
Batting: RHB Chris Skaff
|
0-0: Ball 1-0: Ball 2-0: Foul Ball, location: 2F 2-1: Ball 3-1: Base on Balls
|
Batting: LHB Chris Jackson
|
0-0: Ball 1-0: Called Strike 1-1: Ball 2-1: Swinging Strike 2-2: Ball 3-2: Base on Balls Chris Skaff to second
|
Batting: RHB Kinzo Yokoyama
|
0-0: Ball 1-0: Swinging Strike 1-1: Called Strike 1-2: Fielders Choice at 2nd, 5-4 (Groundball, 56, EV 86.9 MPH)
|
Top of the 6th over - 0 runs, 0 hits, 0 errors, 2 left on base; Everett 1 - Idaho Falls 0 |
BOTTOM OF THE 6TH |
Idaho Falls Chukars batting - Pitching for Everett AquaSox : RHP Trevor Jacobsen
|
Pitching: RHP Aaron Black
|
|
Batting: RHB Chang-keun Baik
|
0-0: Ball 1-0: Swinging Strike 1-1: SINGLE (Groundball, 3D, EV 98.1 MPH)
|
Batting: LHB Edgar Ortiz
|
0-0: Ball 1-0: Called Strike 1-1: Ball Pickoff Throw to First - Out! 1-3 CS 2-1: Ball 3-1: Swinging Strike 3-2: Foul Ball, location: 2F 3-2: Foul Ball, location: 2F 3-2: Foul Ball, location: 2F 3-2: Base on Balls
|
Batting: LHB Corey Lewis
|
0-0: Ball 1-0: Ball 2-0: Ball 3-0: Called Strike 3-1: TRIPLE (Flyball, 78XD, EV 95.0 MPH) Edgar Ortiz scores
|
Batting: RHB Vance Coen
|
0-0: Swinging Strike 0-1: Ball 1-1: Ground out 4-3 (Groundball, 4, EV 79.4 MPH)
|
Batting: SHB Danny Ballenger
|
0-0: Called Strike 0-1: Ball 1-1: Ball 2-1: Swinging Strike 2-2: Strikes out swinging
|
Bottom of the 6th over - 1 run, 2 hits, 0 errors, 1 left on base; Everett 1 - Idaho Falls 1 |
TOP OF THE 7TH |
Everett AquaSox batting - Pitching for Idaho Falls Chukars : RHP Tony Jimenez
|
Batting: RHB Robby Adair
|
0-0: Foul Ball, location: 2F 0-1: SINGLE (Line Drive, 78S, EV 98.8 MPH)
|
Batting: RHB Eddie Luna
|
0-0: Ball 1-0: Swinging Strike 1-1: Foul Ball, location: 2F 1-2: Ball 2-2: Ball 3-2: Foul Ball, location: 2F 3-2: Base on Balls Robby Adair to second
|
Batting: SHB Tony Morales
|
0-0: Ball Robby Adair steals 3rd base Eddie Luna to second 1-0: Called Strike 1-1: Foul Ball, location: 2F 1-2: Strikes out looking
|
Pinch Hitting: LHB Ryan Daniels
|
0-0: Foul Ball, location: 2F 0-1: Ball 1-1: Ball 2-1: Ball 3-1: Foul Ball, location: 2F 3-2: Foul Ball, location: 2F 3-2: Strikes out looking
|
Pitching: RHP Rich Frontczak
|
|
Batting: RHB Tomokazu Sugimoto
|
0-0: Called Strike 0-1: Foul Ball, location: 2F 0-2: Strikes out swinging
|
Top of the 7th over - 0 runs, 1 hit, 0 errors, 2 left on base; Everett 1 - Idaho Falls 1 |
BOTTOM OF THE 7TH |
Idaho Falls Chukars batting - Pitching for Everett AquaSox : RHP Aaron Black
|
Now in LF: Chris Jackson
|
|
Now in RF: Ryan Daniels
|
|
Batting: RHB Adam Krieger
|
0-0: Ball 1-0: Called Strike 1-1: Swinging Strike 1-2: Strikes out looking
|
Batting: RHB Rogelio Losano
|
0-0: Foul Ball, location: 2F 0-1: Ball 1-1: Ball 2-1: Ground out 5-3 (Groundball, 5L, EV 78.1 MPH)
|
Batting: RHB Brett Steele
|
0-0: Foul Ball, location: 2F 0-1: Fly out, F9 (Line Drive, 89M, EV 93.1 MPH)
|
Bottom of the 7th over - 0 runs, 0 hits, 0 errors, 0 left on base; Everett 1 - Idaho Falls 1 |
TOP OF THE 8TH |
Everett AquaSox batting - Pitching for Idaho Falls Chukars : RHP Rich Frontczak
|
Batting: LHB Addisu Nyamekye
|
0-0: Ball 1-0: Swinging Strike 1-1: Foul Ball, location: 2F 1-2: Strikes out looking
|
Batting: RHB Chris Skaff
|
0-0: Ball 1-0: Ball 2-0: Ball 3-0: Base on Balls
|
Batting: LHB Chris Jackson
|
0-0: Ball 1-0: Called Strike 1-1: Swinging Strike 1-2: Foul Ball, location: 2F 1-2: Strikes out swinging
|
Batting: RHB Kinzo Yokoyama
|
0-0: Ball 1-0: Called Strike 1-1: Foul Ball, location: 2F 1-2: Foul Ball, location: 2F 1-2: Foul Ball, location: 2F 1-2: DOUBLE (Line Drive, 9LS, EV 109.4 MPH) Chris Skaff to third
|
Batting: RHB Robby Adair
|
0-0: Ball 1-0: Ball Wild Pitch! Chris Skaff scores Kinzo Yokoyama to third 2-0: Swinging Strike 2-1: Foul Ball, location: 2F 2-2: Ball 3-2: SINGLE (Line Drive, 89S, EV 87.5 MPH) Kinzo Yokoyama scores
|
Batting: RHB Eddie Luna
|
0-0: Foul Ball, location: 2F 0-1: Swinging Strike 0-2: Strikes out swinging
|
Top of the 8th over - 2 runs, 2 hits, 0 errors, 1 left on base; Everett 3 - Idaho Falls 1 |
BOTTOM OF THE 8TH |
Idaho Falls Chukars batting - Pitching for Everett AquaSox : RHP Aaron Black
|
Pitching: RHP Matt Lane
|
|
Batting: SHB Darius Vinson
|
0-0: Ball 1-0: Ball 2-0: Called Strike 2-1: Swinging Strike 2-2: Ground out 4-3 (Groundball, 4, EV 87.5 MPH)
|
Batting: RHB Chang-keun Baik
|
0-0: Called Strike 0-1: Called Strike 0-2: Strikes out looking
|
Batting: LHB Edgar Ortiz
|
0-0: Foul Ball, location: 2F 0-1: Ball 1-1: Swinging Strike 1-2: Strikes out swinging
|
Bottom of the 8th over - 0 runs, 0 hits, 0 errors, 0 left on base; Everett 3 - Idaho Falls 1 |
TOP OF THE 9TH |
Everett AquaSox batting - Pitching for Idaho Falls Chukars : RHP Rich Frontczak
|
Batting: SHB Tony Morales
|
0-0: Foul Ball, location: 2F 0-1: Foul Ball, location: 2F 0-2: Ball 1-2: Ball 2-2: Foul Ball, location: 2F 2-2: Foul Ball, location: 2F 2-2: Strikes out swinging
|
Batting: LHB Ryan Daniels
|
0-0: Called Strike 0-1: Foul Ball, location: 2F 0-2: Ground out U3 (Groundball, 3, EV 90.6 MPH)
|
Batting: RHB Tomokazu Sugimoto
|
0-0: Called Strike 0-1: Ball 1-1: Ball 2-1: Foul Ball, location: 2F 2-2: Fly out, F7 (Flyball, 7S, EV 83.1 MPH)
|
Top of the 9th over - 0 runs, 0 hits, 0 errors, 0 left on base; Everett 3 - Idaho Falls 1 |
BOTTOM OF THE 9TH |
Idaho Falls Chukars batting - Pitching for Everett AquaSox : RHP Matt Lane
|
Pitching: RHP Eduardo Arlarcon
|
|
Batting: LHB Corey Lewis
|
0-0: Ball 1-0: Foul Ball, location: 2F 1-1: Foul Ball, location: 2F 1-2: Ball 2-2: Strikes out swinging
|
Batting: RHB Vance Coen
|
0-0: Foul Ball, location: 2F 0-1: Swinging Strike 0-2: Ground out 5-3 (Groundball, 56, EV 80.0 MPH)
|
Batting: SHB Danny Ballenger
|
0-0: Called Strike 0-1: Swinging Strike 0-2: Ball 1-2: Strikes out swinging
|
Bottom of the 9th over - 0 runs, 0 hits, 0 errors, 0 left on base; Everett 3 - Idaho Falls 1 |
|